 Dungeon Crawl Stone Soup version 0.28.0 (webtiles) character file.

Game seed: 11959101145074523070

42 Sanktem7 the Skirmisher (level 3, -1/33 HPs)
             Began as a Hill Orc Fighter on Feb 9, 2022.
             Slain by a goblin (5 damage)
             ... led by Robin
             ... on level 2 of the Dungeon.
             The game lasted 00:01:37 (638 turns).

Sanktem7 the Skirmisher (Hill Orc Fighter)           Turns: 638, Time: 00:01:38

Health: -1/33      AC:  7    Str: 20    XL:     3   Next: 54%
Magic:  3/3        EV:  9    Int:  8    God:
Gold:   8          SH:  4    Dex: 10    Spells: 2/2 levels left

rFire   . . .      SeeInvis .   a - +0 long sword
rCold   . . .      Faith    .   c - +0 buckler
rNeg    . . .      Spirit   .   b - +0 scale mail
rPois   .          Reflect  .   (no helmet)
rElec   .          Harm     .   (no cloak)
rCorr   .          Rampage  .   (no gloves)
Will    .....                   (no boots)
Stlth   ..........              (no amulet)
HPRegen 0.11/turn               (no ring)
MPRegen 0.08/turn               (no ring)

@: no status effects
A: no striking features
a: no special abilities


You were on level 2 of the Dungeon.
You visited 1 branch of the dungeon, and saw 2 of its levels.

You collected 8 gold pieces.

Inventory:

Hand Weapons
 a - a +0 long sword (weapon)
Armour
 b - a +0 scale mail (worn)
 c - a +0 buckler (worn)
Scrolls
 e - a scroll of vulnerability {unknown}
 f - a scroll of teleportation {unknown}
Potions
 d - a potion of might


   Skills:
 * Level 4.1 Fighting
 * Level 3.0 Long Blades
 * Level 3.8 Armour
 + Level 0.3 Dodging
 - Level 3.2 Shields


You had 2 spell levels left.
You didn't know any spells.
Your spell library was empty.

Dungeon Overview and Level Annotations

Branches:
Dungeon (1/15)

Altars:


Message History

The goblin hits you with a +0 dagger.
A hobgoblin comes into view.
Robin barely misses you. The goblin hits you but does no damage.
Things that are here:
a +0 club; a +0 dagger; a goblin corpse You hit Robin.
Robin is lightly wounded.
The hobgoblin no longer looks unusually strong.
The goblin closely misses you.
A goblin comes into view. It is wielding a +0 club.
Robin hits you but does no damage. The goblin hits you with a +0 dagger.
The goblin hits you but does no damage. You block the goblin's attack.
You hit Robin.
Robin is moderately wounded.
Robin roars a battlecry!
The goblins go into a battle-frenzy!
The goblin hits you but does no damage. x3
You barely miss Robin.
Robin is moderately wounded.
The goblin no longer looks unusually strong.
Robin hits you with a +0 falchion. You block the goblin's attack.
The goblin hits you with a +0 dagger.
* * * LOW HITPOINT WARNING * * *
The goblin closely misses you.
You completely miss Robin.
Robin is moderately wounded.
Robin closely misses you.
The goblin hits you but does no damage. x3
Robin misses you. The goblin closely misses you. You block the goblin's attack.
You slash Robin!
You kill Robin!
The goblin hits you but does no damage. The goblin hits you with a +0 dagger.
* * * LOW HITPOINT WARNING * * *
The goblin hits you but does no damage. You block the goblin's attack.
Your Long Blades skill increases to level 3!
You slash the hobgoblin!
You kill the hobgoblin!
The goblin hits you with a +0 dagger.
* * * LOW HITPOINT WARNING * * *
The goblin hits you with a +0 dagger.
You die...

#.# #..# #(# #.#
#..# ##.## #.#
#..###...# #.#
#..#...#.# #.#
#..#.#...## #.#
#..#>####..
###.######.........#
#.ggg.......#.######
......#@#########.#
##### #g# #.# #$#
#.# #.# #.# #.# #.#
#.# #.# ..# #.# #.#


You could see 4 goblins.

Vanquished Creatures
  Robin (D:2)
  An adder (D:2)
  2 endoplasms (D:2)
  6 goblins
  2 hobgoblins (D:2)
  3 jackals (D:1)
  2 kobolds (D:1)
  2 quokkas (D:1)
  A ball python (D:1)
20 creatures vanquished.

Notes
Turn   | Place    | Note
-------+----------+-------------------------------------------
     0 | D:1      | Sanktem7 the Hill Orc Fighter began the quest for the Orb.
     0 | D:1      | Reached XP level 1. HP: 19/19 MP: 1/1
   169 | D:1      | Reached XP level 2. HP: 20/27 MP: 2/2
   360 | D:1      | You fall into a shaft and drop 1 floor!
   418 | D:2      | Reached skill level 4 in Fighting
   485 | D:2      | Reached XP level 3. HP: 27/33 MP: 3/3
   618 | D:2      | Noticed Robin
   637 | D:2      | Killed Robin
   638 | D:2      | Slain by a goblin

Illustrated notes

Levels and vault maps discovered:
D:1:      zelgadis_glass_arrival_small, layout_basic,
          shapermc_ecumenical_altar_acropolis
D:2:      layout_loops_ring, basic_altar, uniq_crazy_yiuf_cottage, uniq_terence,
          uniq_robin, uniq_natasha

Skill      XL: |  1  2  3 |
---------------+----------+-----
Fighting       | 4 |  4.1
Long Blades    | 3 |  3.0
Armour         | |  3.8
Dodging        | |  0.3
Shields        | |  3.2

Action                   || total
-------------------------++-------
Melee: Long sword        ||    73
 Stab: Distracted        ||     1
Armor: Scale mail        ||    46
Dodge: Dodged            ||    44
Block: Buckler           ||    20
